 Dungeon Crawl Stone Soup version 0.25-a0-306-g3faca94807 (webtiles) character file.

Game seed: 14931044893700266854, levelgen mode: deterministic

81 DerDa the Firebug (level 4, 0/27 HPs)
             Began as an Octopode Fire Elementalist on Dec 21, 2019.
             Slain by Ijyb
             ... wielding a +0 club
              (4 damage)
             ... on level 3 of the Dungeon.
             The game lasted 00:05:01 (1491 turns).

DerDa the Firebug (Octopode Fire Elementalist)      Turns: 1491, Time: 00:05:02

Health: 0/27       AC:  1    Str:  7    XL:     4   Next: 40%
Magic:  1/8        EV: 13    Int: 18    God:
Gold:   187        SH:  0    Dex: 12    Spells: 8/9 levels left

rFire    . . .     SeeInvis .   r - +2 dagger (freeze)
rCold    . . .     Gourm    .   (no shield)
rNeg     . . .     Faith    .   (helmet restricted)
rPois    .         Spirit   .   (no amulet)
rElec    .         Reflect  .   (no ring)
rCorr    .         Harm     .   (no ring)
MR       .....                  (no ring)
Stlth    +++.......             (no ring)
HPRegen  0.09/turn              (no ring)
MPRegen  0.11/turn              (no ring)
                                (no ring)
                                (no ring)

@: no status effects
A: almost no armour, stealthy swim, amphibious, 8 rings, constrict 8, camouflage
1, gelatinous body 1
a: no special abilities


You were on level 3 of the Dungeon.
You were not hungry.

You visited 1 branch of the dungeon, and saw 3 of its levels.

You collected 187 gold pieces.

Inventory:

Hand Weapons
 l - a +0 short sword
 q - a +0 hunting sling
 r - a +2 dagger of freezing (weapon)
Missiles
 a - 153 stones (quivered)
 i - 37 sling bullets
 k - 42 poisoned darts
Armour
 c - a cursed +0 buckler
Scrolls
 e - a scroll of enchant armour {unknown}
 h - 2 scrolls of identify {unknown}
 j - 2 scrolls of remove curse {unknown}
 m - a scroll of teleportation {unknown}
 o - a scroll of fear {unknown}
Potions
 d - a potion of flight {unknown}
 g - a potion of curing {unknown}
 n - 2 potions of degeneration {unknown}
 p - a potion of lignification {unknown}
Comestibles
 b - 7 rations
 f - 11 chunks of flesh


   Skills:
 - Level 2.0 Dodging
 - Level 2.6 Stealth
 * Level 0.3 Shields
 * Level 3.2 Spellcasting
 + Level 2.1 Conjurations
 + Level 3.5 Fire Magic


You had 8 spell levels left.
You knew the following spells:

 Your Spells              Type           Power        Failure   Level  Hunger
a - Foxfire               Conj/Fire      ##..         4%          1    None

Your spell library contained the following spells:

 Spells                   Type           Power        Failure   Level  Hunger
 Conjure Flame            Conj/Fire      ##......     16%         3    ###....
 Inner Flame              Hex/Fire       #.......     22%         3    ###....
 Sticky Flame             Conj/Fire      ##......     45%         4    ####...
 Fireball                 Conj/Fire      ##........   80%         5    ######.


Dungeon Overview and Level Annotations

Branches:
Dungeon (3/15)

Altars:
Makhleb
Nemelex Xobeh
Okawaru
Qazlal
Ru

Annotations:
D:2 1 runed translucent door, Crazy Yiuf
D:3 Ijyb


Innate Abilities, Weirdness & Mutations

You cannot wear most types of armour.
You are very stealthy in the water. (Stealth+)
You are amphibious.
You can wear up to eight rings at the same time.
You can use your tentacles to constrict eight enemies at once.
Your skin changes colour to match your surroundings (Stealth+).
Your rubbery body absorbs attacks. (AC +1, EV +1)


Message History

Casting: Foxfire (safe; 4% risk of failure)
Confirm with . or Enter, or press ? or * to list all spells.
You conjure some foxfire!
Ijyb hits you but does no damage.
You barely miss Ijyb. You grab Ijyb. Your squeeze misses Ijyb.
Ijyb is moderately wounded.
You constrict Ijyb, but do no damage.
The foxfire hits Ijyb but does no damage.
Ijyb is moderately wounded.
The foxfire hits Ijyb but does no damage.
Ijyb is moderately wounded.
Ijyb closely misses you.
You hit Ijyb but do no damage.
Ijyb is moderately wounded.
You constrict Ijyb, but do no damage.
Ijyb zaps a wand.
You are blasted!
* * * LOW HITPOINT WARNING * * *
Unknown command.
Casting: Foxfire (safe; 4% risk of failure)
Confirm with . or Enter, or press ? or * to list all spells.
You conjure some foxfire!
You constrict Ijyb. Ijyb hits you with a +0 club.
You die...

#.≈≈..#...#.....#
####.≈≈..#...#.....#
.....≈≈..#..§#.....#
#####≈≈..##'##÷....##+##
#≈≈...#..÷...).....#
#≈≈...#..÷.........#
#≈≈...##########...#
#≈≈#####..)v...#...#
#≈≈# +...g@..'...# #≈≈#
#...v...'...# ####
#############


You could see Ijyb.

Vanquished Creatures
  2 adders
  An ooze (D:1)
  3 worms
  A dart slug (D:2)
  A leopard gecko (D:1)
  An orc (D:3)
  2 ball pythons (D:3)
  10 bats
  8 goblins
  2 hobgoblins
  2 jackals (D:3)
  3 kobolds
  2 frilled lizards
  6 rats
44 creatures vanquished.

Vanquished Creatures (others)
  105 foxfires
105 creatures vanquished.

Grand Total: 149 creatures vanquished

Notes
Turn   | Place    | Note
-------+----------+-------------------------------------------
     0 | D:1      | DerDa the Octopode Fire Elementalist began the quest for
                  | the Orb.
     0 | D:1      | Reached XP level 1. HP: 11/11 MP: 3/3
    78 | D:1      | Reached XP level 2. HP: 17/17 MP: 1/5
   598 | D:2      | Reached XP level 3. HP: 21/21 MP: 2/6
   655 | D:2      | Found a sacrificial altar of Ru.
   658 | D:2      | Found a stormy altar of Qazlal.
   906 | D:2      | Found a runed translucent door.
   907 | D:2      | Noticed Crazy Yiuf
  1156 | D:3      | Found an iron altar of Okawaru.
  1157 | D:3      | Found a burning altar of Makhleb.
  1163 | D:3      | Found a sparkling altar of Nemelex Xobeh.
  1191 | D:3      | Reached XP level 4. HP: 23/27 MP: 4/8
  1475 | D:3      | Noticed Ijyb
  1491 | D:3      | Slain by Ijyb

Levels and vault maps discovered:
D:1:      minmay_arrival_wavy_path, layout_rooms, serial_corexii_hall,
          corexii_hall_statues_s, corexii_hall_statues_deadend
D:2:      layout_rooms, minitemple, first_ration, uniq_crazy_yiuf_cottage
D:3:      kennysheep_goblin_castle, layout_loops_ring,
          gammafunk_temple_overflow_forgotten, kennysheep_slug_shrine,
          doesnt_xom_only_xom

Skill      XL: |  1  2  3 |
---------------+----------+-----
Spellcasting   | 3 |  3.2
Conjurations   | 2 |  2.1
Dodging        | |  2.0
Stealth        | |  2.6
Shields        | |  0.3
Fire Magic     | |  3.5

Action                   |  1- 3 |  4- 6 || total
-------------------------+-------+-------++-------
Melee: Unarmed           |     4 |       ||     4
       Constrict         |     7 |     4 ||    11
       Tentacles         |     4 |       ||     4
       Short sword       |    15 |     6 ||    21
       Dagger            |       |     4 ||     4
 Cast: Foxfire           |    41 |    20 ||    61
 Stab: Sleeping          |     1 |       ||     1
  Eat: Chunk             |     1 |     1 ||     2
Armor: Skin              |     5 |     3 ||     8
Dodge: Dodged            |    21 |    15 ||    36

Table legend:
 A = Non-vault XP
 B = Vault XP
 C = Vault XP percentage of total XP
 D = Non-vault monster count
 E = Vault monster count
 F = Vault count percentage of total count
                 A         B        C        D         E       F
            +---------+---------+-------+---------+---------+-------
      Total |      99 |      17 |  14.7 |      35 |       9 |  20.5
            +---------+---------+-------+---------+---------+-------
        D:1 |      25 |       0 |   0.0 |      11 |       0 |   0.0
        D:2 |      44 |       0 |   0.0 |      16 |       0 |   0.0
        D:3 |      30 |      17 |  36.2 |       8 |       9 |  52.9
            +---------+---------+-------+---------+---------+-------
